 Dungeon Crawl Stone Soup version 0.29.1-14-g9c671dbff4 (webtiles) character file.

Game seed: 13384335079756259134

4 hawla the Firebug (level 1, -1/14 HPs)
             Began as a Meteoran Fire Elementalist on Feb 12, 2023.
             Slain by a jackal (3 damage)
             ... on level 3 of the Dungeon.
             The game lasted 00:00:55 (191 turns).

hawla the Firebug (Meteoran Fire Elementalist)       Turns: 191, Time: 00:00:55

Health: -1/14      AC:  2    Str:  9    XL:     1   Next: 85%
Magic:  4/5        EV: 12    Int: 16    God:
Gold:   31         SH:  0    Dex: 14    Spells: 4/5 levels left

rFire   + . .      SeeInvis .   (no weapon)
rCold   + . .      Faith    .   (no shield)
rNeg    . . .      Spirit   .   a - +0 robe
rPois   +          Reflect  .   (no helmet)
rElec   +          Harm     .   (no cloak)
rCorr   +          Rampage  .   (no gloves)
Will    .....                   (no boots)
Stlth   +.........              (no amulet)
HPRegen 0.04/turn               (no ring)
MPRegen 0.09/turn               (no ring)

@: resistant, glowing
A: sense surroundings 1, otherworldly, glowing, explore regen
a: no special abilities


You were on level 3 of the Dungeon.
You visited 1 branch of the dungeon, and saw 3 of its levels.

You collected 31 gold pieces.

Inventory:

Armour
 a - a +0 robe (worn)
Wands
 c - a wand of roots (10) (quivered)
Potions
 b - a potion of magic


   Skills:
 - Level 2.4 Dodging
 - Level 1.4 Stealth
 - Level 2.6 Spellcasting
 - Level 1.2 Conjurations
 - Level 3.7 Fire Magic
 + Level 1.2 Evocations


You had 4 spell levels left.
You knew the following spells:

 Your Spells              Type           Power      Damage    Failure   Level
a - Foxfire               Conj/Fire      40%        2x1d6     7%          1

Your spell library contained the following spells:

 Spells                   Type           Power      Damage    Failure   Level
 Scorch                   Fire           26%        2d6       6%          2
 Conjure Flame            Conj/Fire      10%        6-21      22%         3
 Inner Flame              Hex/Fire       8%         N/A       26%         3
 Flame Wave               Conj/Fire      10%        2d6       56%         4


Dungeon Overview and Level Annotations

Branches:
Dungeon (3/15) Zot: 1607

Altars:


Innate Abilities, Weirdness & Mutations

You passively map a small area around you.
You are easily found by Zot.
You glow in the dark.
You regain HP and MP as you explore.


Message History

A hobgoblin comes into view.
The hobgoblin shouts!
Your foxfire dissipates!
The foxfire hits the hobgoblin.
The hobgoblin is moderately wounded.
Things that are here:
a +0 dagger; 3 poisoned darts
Casting: Foxfire (safe; 7% risk of failure)
Confirm with . or Enter, or press ? or * to list all spells.
You conjure some foxfire!
The foxfire hits the hobgoblin.
You kill the hobgoblin!
Your Evocations skill increases to level 1!
Your foxfire dissipates!
Magic restored.
Found a dagger.
Found a stone staircase leading up.
You see here a +0 dagger.
There is a stone staircase leading up here.
You open the door. 4 jackals come into view.
The jackal barks! x2
Found a ring mail and a long sword.
There is an open door here.
The jackal bites you. x2
The jackal bites you but does no damage.
Casting: Foxfire (safe; 7% risk of failure)
Confirm with . or Enter, or press ? or * to list all spells.
You conjure some foxfire!
The jackal bites you. x2
It was a potion of resistance.
You feel protected.
The foxfire hits the jackal.
The jackal is moderately wounded.
The foxfire hits the jackal but does no damage.
The jackal bites you.
* * * LOW HITPOINT WARNING * * *
The jackal closely misses you. The jackal bites you.
* * * LOW HITPOINT WARNING * * *
The jackal bites you.
You die...

*
.#######.###.#######.....#
##.#..............#
#..)..#######.....# , , *
##...## #.....# ##<##
###.### , #.# #.# * #.#
#.# , * ##'## #.# #h@.#*
#.## #.hhh.#* ###..#
#.......# ##.##.# *
#.........####...#.#
+.......[.+........# *
#)........####...#.#
##.......## ##.##.###
##.....## #....... ,
#.#...#.


You could see 4 jackals.

Vanquished Creatures
  An endoplasm (D:2)
  A hobgoblin (D:3)
  A kobold (D:3)
  A rat (D:1)
4 creatures vanquished.

Vanquished Creatures (others)
  9 foxfires
9 creatures vanquished.

Grand Total: 13 creatures vanquished

Notes
Turn   | Place    | Note
-------+----------+-------------------------------------------
     0 | D:1      | hawla the Meteoran Fire Elementalist began the quest for
                  | the Orb.
     0 | D:1      | Reached XP level 1. HP: 14/14 MP: 5/5
    19 | D:1      | Noticed a minotaur skeleton
   131 | D:3      | Reached skill level 1 in Evocations
   191 | D:3      | Slain by a jackal

Illustrated notes

Levels and vault maps discovered:
D:1:      shiori_arrival_whats_in_store_for_you, layout_basic,
          shapermc_ecumenical_altar_mp_vishouse, serial_shops,
          nicolae_shop_behind_doors
D:2:      layout_basic, chequers_serial_rivers_micro_a
D:3:      layout_loops_corners, nicolae_overflow_hidden_temple,
          ebering_ghost_sewer_f

Skill      XL: |  1 |
---------------+----+-----
Evocations     | 1 |  1.2
Dodging        | |  2.4
Stealth        | |  1.4
Spellcasting   | |  2.6
Conjurations   | |  1.2
Fire Magic     | |  3.7

Action                   || total
-------------------------++-------
 Cast: Foxfire           ||     6
  Use: Potion            ||     1
Armor: Robe              ||     1
Dodge: Dodged            ||     2
